 Dungeon Crawl Stone Soup version 0.26-a0-818-g75db068ed4 (webtiles) character file.

Game seed: 4508526134863213691

291 miscthings the Slicer (level 6, -3/37 HPs)
             Began as a Kobold Berserker on Nov 14, 2020.
             Was a Believer of Trog.
             Slain by an ogre
             ... wielding a +0 giant club
              (20 damage)
             ... on level 3 of the Dungeon.
             The game lasted 00:04:51 (2747 turns).

miscthings the Slicer (Kobold Berserker)            Turns: 2747, Time: 00:04:51

Health: -3/37      AC:  5    Str: 16    XL:     6   Next: 58%
Magic:  6/6        EV: 14    Int:  9    God:    Trog [**....]
Gold:   145        SH:  4    Dex: 14    Spells: 5/5 levels left

rFire    . . .     SeeInvis .   a - +0 short sword
rCold    . . .     Faith    .   e - +0 buckler
rNeg     . . .     Spirit   .   b - +0 animal skin
rPois    .         Reflect  .   k - +0 hat
rElec    .         Harm     .   (no cloak)
rCorr    .         Rampage  .   g - +2 pair of gloves
MR       .....                  (no boots)
Stlth    ++........             (no amulet)
HPRegen  0.12/turn              (no ring)
MPRegen  0.10/turn              (no ring)

@: berserk cooldown, slowed, very slow
A: small, nightstalker 3
a: Berserk, Trog's Hand, Renounce Religion


You were on level 3 of the Dungeon.
You worshipped Trog.
Trog was pleased with you.
You visited 1 branch of the dungeon, and saw 4 of its levels.

You collected 145 gold pieces.

Inventory:

Hand Weapons
 a - a +0 short sword (weapon)
Missiles
 m - 17 poisoned darts (quivered)
Armour
 b - a +0 animal skin (worn)
 e - a +0 buckler (worn)
 g - a +2 pair of gloves (worn)
 k - a +0 hat (worn)
Jewellery
 o - an uncursed ring of ice
Wands
 s - a wand of paralysis (6)
Scrolls
 c - 3 scrolls of remove curse {unknown}
 d - a scroll of immolation {unknown}
 f - 2 scrolls of magic mapping {unknown}
 i - 2 scrolls of blinking {unknown}
Potions
 h - a potion of curing
 j - a potion of resistance {unknown}
 l - a potion of cancellation {unknown}
 n - a potion of brilliance {unknown}
 p - 3 potions of magic {unknown}
 q - a potion of ambrosia {unknown}
 r - 2 potions of lignification {unknown}


   Skills:
 - Level 3.2 Fighting
 + Level 9.1 Short Blades
 - Level 1.5 Armour
 - Level 2.4 Dodging


You had 5 spell levels left.
You didn't know any spells.
Your spell library was empty.

Dungeon Overview and Level Annotations

Branches:
Dungeon (4/15)
 Temple: D:4-7

Altars:
Ashenzari
Cheibriados
Hepliaklqana
Nemelex Xobeh
Ru
Uskayaw
Wu Jian


Innate Abilities, Weirdness & Mutations

You are small and have problems with some larger weapons.
You are completely attuned to the shadows.


Message History

You are exhausted.
You feel yourself slow down.
The howler monkey hoots and howls with incredible vigour!
There is a stone staircase leading up here.
The howler monkey hoots and howls with incredible vigour!
The ogre closely misses you.
You hear an angry hiss.
You climb upwards.
There is a stone staircase leading down here.
The ogre closely misses you.
The ogre hits you with a +0 giant club!!
Ouch! That really hurt!
Evoke which item? (* to show all) (? for menu, Esc to quit)
Aiming: Paralyse
Press: ? - help, Shift-Dir - straight line, f - ogre
Aim: an ogre, wielding a +0 giant club (chance to defeat MR: 46%)
The ogre resists with some effort.
The ogre hits you with a +0 giant club!!
Ouch! That really hurt!
You die...

.##........#......####.#
#.#
###...##.#.#...........#
#.#
#...##.#.#.##..#######
#.# #..........##...# #.#
#...##.#.####...## #.#
##...##.#.####....# #.#
#........<..##....# #.#
#..########.##..#># #.#
#..##__####....@#.# #.#
#..#_...._#.###O#.### #.#
#..###..###...<.....# #.#
#..#....._#######.#.# #.#
#..###..### #.#.# #.#
#..#.....♣
####.#.######.#
#.####..##
#.............# ##.#
#....# #.##.#....#####
...####..######.##.####.#


You could see an ogre.

Vanquished Creatures
  An orc wizard (D:3)
  A worker ant (D:3)
  Natasha (thrice) (D:2)
  3 adders
  6 gnolls
  An adder skeleton (D:4)
  2 worms (D:3)
  7 orcs
  2 ball pythons
  6 bats
  5 giant cockroaches
  7 goblins
  4 hobgoblins
  7 frilled lizards
  6 kobolds
  8 rats
69 creatures vanquished.

Notes
Turn   | Place    | Note
-------+----------+-------------------------------------------
     0 | D:1      | miscthings the Kobold Berserker began the quest for the
                  | Orb.
     0 | D:1      | Reached XP level 1. HP: 14/14 MP: 1/1
   173 | D:1      | Reached XP level 2. HP: 19/19 MP: 2/2
   265 | D:1      | Reached skill level 5 in Short Blades
   673 | D:1      | Reached XP level 3. HP: 23/23 MP: 3/3
   746 | D:2      | Noticed a +0 dagger
   747 | D:2      | Found a hide-covered altar of Uskayaw.
   747 | D:2      | Noticed a +0 hand axe
   993 | D:2      | Reached ** piety under Trog
  1019 | D:2      | Reached skill level 6 in Short Blades
  1019 | D:2      | Reached XP level 4. HP: 28/28 MP: 4/4
  1070 | D:2      | Noticed Natasha
  1071 | D:2      | Killed Natasha
  1275 | D:2      | Reached skill level 7 in Short Blades
  1275 | D:2      | Reached XP level 5. HP: 32/32 MP: 5/5
  1428 | D:2      | Noticed Natasha
  1439 | D:2      | Killed Natasha
  1454 | D:2      | Noticed Natasha
  1538 | D:2      | Killed Natasha
  1751 | D:3      | Reached skill level 8 in Short Blades
  1978 | D:3      | Found a sacrificial altar of Ru.
  1985 | D:3      | Found a snail-covered altar of Cheibriados.
  1985 | D:3      | Found a sparkling altar of Nemelex Xobeh.
  1985 | D:3      | Found an ornate altar of the Wu Jian Council.
  1986 | D:3      | Found a broken altar of Ashenzari.
  1987 | D:3      | Found a hazy altar of Hepliaklqana.
  2275 | D:3      | Reached XP level 6. HP: 37/37 MP: 6/6
  2523 | D:3      | Reached skill level 9 in Short Blades
  2721 | D:4      | Noticed an ogre
  2747 | D:3      | Slain by an ogre

Illustrated notes

Levels and vault maps discovered:
D:1:      minmay_arrival_plants_in_alcoves, layout_loops_ring,
          minmay_misc_feat_tiny
D:2:      layout_rooms, dancing_weapons_uskayaw, uniq_natasha
D:3:      minmay_chambers_of_threes, layout_basic, minitemple, serial_glass,
          glass_columns_a, glass_columns_a, feat_on_display, item_on_display_a,
          minmay_strange_pillars, minmay_strange_pillars
D:4:      layout_layer_cave

Skill      XL: |  1  2  3  4  5  6 |
---------------+-------------------+-----
Short Blades   | 5 6 7 8 9 |  9.1
Fighting       | |  3.2
Armour         | |  1.5
Dodging        | |  2.4

Action                   |  1- 3 |  4- 6 || total
-------------------------+-------+-------++-------
Melee: Short sword       |    79 |   141 ||   220
Invok: Berserk           |     2 |     7 ||     9
Evoke: Wand              |       |     1 ||     1
 Stab: Sleeping          |     9 |     9 ||    18
       Distracted        |       |     1 ||     1
Armor: Animal skin       |    14 |    19 ||    33
Dodge: Dodged            |    44 |    69 ||   113
Block: Buckler           |    10 |    18 ||    28

Table legend: (Time is in decaauts)
 A = Elapsed time spent in this place.
 B = Non-inter-level travel time spent in this place.
 C = Inter-level travel time spent in this place.
 D = Time resting spent in this place.
 E = Time spent auto-exploring this place.
 F = Levels seen in this place.
 G = Mean time per level.
                   A        B        C        D        E       F      G
               +--------+--------+--------+--------+--------+-----+--------+
         Total |   2796 |   2759 |     37 |    339 |   1855 |   4 |  699.0 |
       Dungeon |   2796 |   2759 |     37 |    339 |   1855 |   4 |  699.0 |
               +--------+--------+--------+--------+--------+-----+--------+

Top non-repeatable levels by time:
     D:3: 1124 daAuts
     D:2: 907 daAuts
     D:1: 738 daAuts
     D:4: 26 daAuts
